 Dungeon Crawl Stone Soup version 0.27.1-33-g824d729ab1 (webtiles) character file.

Game seed: 1929398610986578674

564 alasdair19 the Slasher (level 7, 0/90 HPs)
             Began as a Minotaur Fighter on Dec 25, 2021.
             Succumbed to Sigmund's poison
             ... on level 5 of the Dungeon on Dec 26, 2021.
             The game lasted 00:12:30 (4112 turns).

alasdair19 the Slasher (Minotaur Fighter)           Turns: 4112, Time: 00:12:31

Health: 0/90       AC: 14    Str: 21    XL:     7   Next: 10%
Magic:  6/6        EV:  6    Int:  6    God:
Gold:   119        SH: 10    Dex: 10    Spells: 6/6 levels left

rFire    . . .     SeeInvis .   e - +0 long sword
rCold    + . .     Faith    .   c - +0 kite shield
rNeg     + . .     Spirit   .   p - +2 chain mail {rC+}
rPois    .         Reflect  .   (helmet restricted)
rElec    .         Harm     .   A - +0 cloak
rCorr    .         Rampage  .   (no gloves)
Will     .....                  z - +0 pair of boots
Stlth    ..........             (no amulet)
HPRegen  0.25/turn              h - ring of flight
MPRegen  0.10/turn              s - ring of positive energy

@: berserking, lethally poisoned (0 -> -23), flying, very quick
A: horns 2, retaliatory headbutt
a: no special abilities


You were on level 5 of the Dungeon.
You visited 2 branches of the dungeon, and saw 6 of its levels.

You collected 209 gold pieces.
You spent 90 gold pieces at shops.

Inventory:

Hand Weapons
 e - a +0 long sword (weapon)
 q - a +0 hunting sling
Missiles
 l - 23 sling bullets
 w - a throwing net (quivered)
Armour
 c - a +0 kite shield (worn)
 p - a +2 chain mail of cold resistance (worn)
 z - a +0 pair of boots (worn)
 A - a +0 cloak (worn)
Jewellery
 h - a ring of flight (left hand)
 s - a ring of positive energy (right hand)
Wands
 x - a wand of flame (16)
Scrolls
 a - a scroll of noise {unknown}
 f - a scroll of silence {unknown}
 g - 2 scrolls of blinking {unknown}
 j - a scroll of fog {unknown}
 k - a scroll of fear {unknown}
 n - a scroll of immolation {unknown}
 r - a scroll of vulnerability {unknown}
 u - a scroll of teleportation {unknown}
 v - a scroll of enchant armour {unknown}
 y - 2 scrolls of identify {unknown}
Potions
 d - a potion of might
 i - a potion of berserk rage
 m - a potion of heal wounds {unknown}
 t - a potion of attraction {unknown}


   Skills:
 + Level 4.9 Fighting
 + Level 5.6 Long Blades
 + Level 2.0 Slings
 + Level 5.0 Armour
 - Level 1.1 Dodging
 - Level 0.1 Stealth
 + Level 5.1 Shields
 * Level 2.0 Evocations


You had 6 spell levels left.
You didn't know any spells.
Your spell library contained the following spells:

 Spells                   Type           Power      Damage    Failure   Level
 Slow                     Hex            0%         N/A       100%        2
 Confusing Touch          Hex            0%         N/A       100%        3
 Gell's Gravitas          Tloc           0%         N/A       100%        3
 Lesser Beckoning         Tloc           0%         N/A       100%        3
 Teleport Other           Tloc           0%         N/A       100%        3
 Vampiric Draining        Necr           0%         2d6       100%        3
 Dispersal                Tloc           0%         N/A       100%        6


Dungeon Overview and Level Annotations

Branches:
Dungeon (5/15)             Temple (1/1) D:4

Altars:
Cheibriados
Dithmenos
Gozag
Hepliaklqana
Makhleb
Nemelex Xobeh
Sif Muna
Trog
Uskayaw
Vehumet
Xom
Zin

Shops:
D:4 [

Annotations:
D:3 1 runed translucent door, Jazqba's ghost, amateur HOMo
D:5 Sigmund


Innate Abilities, Weirdness & Mutations

You have a pair of horns on your head.
You reflexively headbutt those who attack you in melee.


Message History

You feel very sick. Something hits you but does no damage.
You are more poisoned.
You barely miss something. You headbutt something.
You feel very sick. Something hits you.
You are more poisoned.
You closely miss something.
You feel extremely sick. You block something's attack.
You hit something but do no damage.
You feel very sick. Something hits you but does no damage.
You are more poisoned.
You hit something. You headbutt something.
You feel extremely sick.
You hit something.
* * * LOW HITPOINT WARNING * * *
You feel very sick. Something hits you but does no damage.
You are lethally poisoned!
You hit something but do no damage.
* * * LOW HITPOINT WARNING * * *
You feel extremely sick. Something hits you but does no damage.
It was a potion of berserk rage.
A red film seems to cover your vision as you go berserk!
You feel yourself moving faster!
You feel mighty!
* * * LOW HITPOINT WARNING * * *
You feel very sick.
You hear some strange, mumbled words.
A magic dart appears from out of thin air!
The magic dart hits you.
* * * LOW HITPOINT WARNING * * *
You miss something.
* * * LOW HITPOINT WARNING * * *
You feel sick. Something hits you but does no damage.
You are more poisoned.
You closely miss something.
You die...

....... ##....... ..
##########...>....
...##.#...##.........
........... #....#
............ ##<.##
...........###†.##
............{...#
.........#..@..##
........#......#
..h...##..##.......
..........###....)..
..#...$..## ###.....
......##.# .#...
##.... ..? ##... #...
..... .. ..... ..##..


There were no monsters in sight!

Vanquished Creatures
  A water moccasin (D:4)
  A necrophage (D:5)
  A black bear (D:4)
  A howler monkey (D:4)
  A hound (D:4)
  A bullfrog skeleton (D:4)
  An iguana (D:4)
  A killer bee zombie (D:5)
  4 adders
  2 worms
  2 dart slugs
  8 orcs
  7 endoplasms
  6 giant cockroaches
  8 goblins
  6 hobgoblins
  16 jackals
  7 kobolds
  3 quokkas
  4 ball pythons
  5 bats
  A frilled lizard (D:1)
  7 rats
94 creatures vanquished.

Vanquished Creatures (others)
  2 withered plants (D:3)
2 creatures vanquished.

Grand Total: 96 creatures vanquished

Notes
Turn   | Place    | Note
-------+----------+-------------------------------------------
     0 | D:1      | alasdair19 the Minotaur Fighter began the quest for the
                  | Orb.
     0 | D:1      | Reached XP level 1. HP: 19/19 MP: 0/0
   187 | D:1      | Reached XP level 2. HP: 27/27 MP: 1/1
   900 | D:2      | Reached XP level 3. HP: 33/33 MP: 2/2
  1886 | D:3      | Found a faded altar of an unknown god.
  1896 | D:3      | Reached XP level 4. HP: 40/40 MP: 3/3
  2029 | D:3      | Found a runed translucent door.
  2029 | D:3      | Noticed Jazqba's ghost (amateur HOMo)
  2656 | D:4      | Found a sparkling altar of Nemelex Xobeh.
  2656 | D:4      | Found a shadowy altar of Dithmenos.
  2662 | D:4      | Found a hide-covered altar of Uskayaw.
  2678 | D:4      | Reached skill level 1 in Slings
  2692 | D:4      | Reached XP level 5. HP: 47/47 MP: 4/4
  2767 | D:4      | Reached skill level 1 in Dodging
  2771 | D:4      | Found Zarphez's Armour Shop.
  2783 | D:4      | Bought a +0 pair of boots for 45 gold pieces
  2783 | D:4      | Bought a +0 cloak for 45 gold pieces
  2817 | D:4      | Found a staircase to the Ecumenical Temple.
  2817 | D:4      | Noticed a water moccasin
  2834 | D:4      | Killed a water moccasin
  2835 | D:4      | Reached skill level 1 in Evocations
  2835 | D:4      | Reached XP level 6. HP: 15/53 MP: 5/5
  3264 | Temple   | Entered the Ecumenical Temple
  3723 | D:5      | Entered Level 5 of the Dungeon
  4018 | D:4      | Reached skill level 5 in Long Blades
  4029 | D:5      | Reached skill level 5 in Shields
  4063 | D:5      | Noticed Sigmund
  4066 | D:5      | Reached skill level 5 in Armour
  4066 | D:5      | Reached XP level 7. HP: 54/60 MP: 6/6
  4112 | D:5      | Succumbed to Sigmund's poison

Illustrated notes

Levels and vault maps discovered:
D:1:      lemuel_arrival_river_bridge, layout_rooms
D:2:      layout_loops_ring, minmay_misc_feat_tiny, serial_bayou_lake_a
D:3:      layout_loops_ring, chequers_ecumenical_altar_island,
          gammafunk_ghost_grave, minmay_fractal_squares_diagonal_5
D:4:      layout_rooms, gammafunk_temple_overflow_wave,
          nicolae_overflow_hidden_temple, minmay_temple_entry_slanted,
          serial_shops, shop
D:5:      layout_cave_pools, cheibrodos_ashenzari_chains, minmay_puff,
          uniq_sigmund, uniq_eustachio, uniq_duvessa
Temple:   jpeg_temple_island

Skill      XL: |  1  2  3  4  5  6 |
---------------+-------------------+-----
Fighting       | 4 |  4.9
Shields        | 4 5 |  5.1
Armour         | 4 5 |  5.0
Long Blades    | 3 4 5 |  5.6
Slings         | 1 2 |  2.0
Dodging        | 1 |  1.1
Evocations     | 1 2 |  2.0
Stealth        | |  0.1

Action                   |  1- 3 |  4- 6 |  7- 9 || total
-------------------------+-------+-------+-------++-------
Melee: Long sword        |    95 |   118 |    14 ||   227
       Headbutt          |    15 |    23 |     3 ||    41
 Fire: Hunting sling     |     3 |    21 |       ||    24
  Use: Potion            |       |     1 |     1 ||     2
Armor: Scale mail        |    49 |     4 |       ||    53
       Chain mail        |       |    86 |     6 ||    92
Dodge: Dodged            |    30 |    28 |     1 ||    59
Block: Kite shield       |    64 |    62 |     3 ||   129
       Rpst.: Long sword |    10 |     8 |     1 ||    19
